 Dungeon Crawl Stone Soup version 0.19.5 (webtiles) character file.

16653 Peloso the Carver (level 12, 0/105 (106) HPs)
             Began as a Minotaur Fighter on Mar 25, 2017.
             Was a High Priest of Okawaru.
             Slain by a skeletal warrior
             ... wielding a +1 short sword of freezing
             ... led by a skeletal warrior
              (15 damage)
             ... on level 10 of the Dungeon.
             The game lasted 00:37:25 (14122 turns).

Peloso the Carver (Minotaur Fighter)               Turns: 14122, Time: 00:37:25

HP:   0/105 (106)   AC: 16    Str: 26    XL:     12   Next: 12%
MP:   11/11         EV:  9    Int:  5    God:    Okawaru [*****.]
Gold: 719           SH: 13    Dex: 13    Spells: 0 memorised, 11 levels left

rFire  . . .     SeeInvis .     b - +3 scimitar
rCold  . . .     Gourm    .     G - +0 plate armour
rNeg   . . .     Faith    .     M - +0 shield {rPois}
rPois  +         Spirit   .     (helmet restricted)
rElec  .         Reflect  .     w - +0 cloak
rCorr  .         Harm     .     (no gloves)
MR     .....                    (no boots)
Stlth  ..........               (no amulet)
                                v - +3 ring of strength
                                (no ring)

@: no status effects
A: retaliatory headbutt, horns 2
a: Heroism, Finesse, Renounce Religion


You were on level 10 of the Dungeon.
You worshipped Okawaru.
Okawaru was extremely pleased with you.
You were not hungry.

You visited 2 branches of the dungeon, and saw 12 of its levels.
You also visited: Bailey.

You collected 719 gold pieces.

Inventory:

Hand Weapons
 a - a +0 long sword
 b - a +3 scimitar (weapon)
 K - a cursed +2 spear
Armour
 i - a +0 plate armour
 w - a +0 cloak (worn)
 y - +0 fire dragon scales
 D - the +3 buckler "Huthoff" {Int+6}
   (You took it off an orc priest on level 4 of the Dungeon)

   It affects your intelligence (+6).
 G - a +0 plate armour (worn)
 L - +0 ice dragon scales
 M - a +0 shield of poison resistance (worn)
Jewellery
 e - an uncursed ring of magical power
 q - an uncursed ring of wizardry
 v - a +3 ring of strength (right hand)
 F - an uncursed ring of magical power
Wands
 k - a wand of digging (4/24)
 I - a wand of iceblast (0/15)
 S - a wand of disintegration (8/24)
Scrolls
 c - a scroll of amnesia {unknown}
 l - a scroll of magic mapping
 m - 2 scrolls of remove curse
 r - a scroll of fog
 u - 3 scrolls of identify
 x - a scroll of enchant weapon
 C - a scroll of brand weapon {unknown}
 P - 2 scrolls of enchant armour {unknown}
 R - 4 scrolls of teleportation
Potions
 d - a potion of lignification {unknown}
 h - 2 potions of heal wounds
 j - 2 potions of mutation {unknown}
 n - 6 potions of curing
 p - 3 potions of cancellation
 z - a potion of brilliance
 B - a potion of invisibility
 E - 2 potions of flight
 H - a potion of magic {unknown}
 J - a potion of agility {unknown}
 N - 2 potions of cure mutation {unknown}
Books
 A - a book of Spatial Translocations

   Spells                             Type                      Level
   a - Blink                          Translocation                2
   b - Shroud of Golubria             Charms/Translocation         2
   c - Lesser Beckoning               Translocation                3
   d - Portal Projectile              Translocation                3
   e - Teleport Other                 Translocation                3
   f - Passage of Golubria            Translocation                4
 O - the Compendium of the Bewitching Traveller
   (You found it on level 9 of the Dungeon)

   Spells                             Type                      Level
   a - Confusing Touch                Hexes                        1
   b - Shroud of Golubria             Charms/Translocation         2
   c - Inner Flame                    Hexes/Fire                   3
   d - Spectral Weapon                Hexes/Charms                 3
   e - Tukima's Dance                 Hexes                        3
   f - Teleport Other                 Translocation                3
   g - Fulminant Prism                Conjuration/Hexes            4
Comestibles
 f - 5 bread rations
 g - 5 meat rations
 o - 12 royal jellies
 s - 5 beef jerkies
 t - 8 fruits
 Q - 3 chunks of flesh


   Skills:
 + Level 10.3 Fighting
 + Level 14.1 Long Blades
 + Level 11.6 Armour
 + Level 4.1 Dodging
 + Level 1.5 Stealth
 + Level 11.1 Shields
 + Level 1.0 Invocations
 + Level 0.1 Evocations


You had 11 spell levels left.
You didn't know any spells.

Dungeon Overview and Level Annotations

Branches:
Dungeon (11/15)            Temple (1/1) D:4            Lair (0/6) D:8
    Orc (0/2) D:11

Altars:
Ashenzari
Cheibriados
Dithmenos
Elyvilon
Fedhas
Gozag
Hepliaklqana
Kikubaaqudgha
Makhleb
Nemelex Xobeh
Okawaru
Qazlal
Ru
Sif Muna
Trog
Uskayaw
Vehumet
Xom
Yredelemnul
Zin
The Shining One

Shops:
D:9 :


Innate Abilities, Weirdness & Mutations

You reflexively headbutt those who attack you in melee.
You have a pair of horns on your head.


Message History

The skeletal warrior is severely damaged.
The skeletal warrior hits you with a short sword of freezing!
The skeletal warrior freezes you.
You closely miss the skeletal warrior.
You headbutt the skeletal warrior, but do no damage.
The skeletal warrior is severely damaged.
You hit the skeletal warrior but do no damage.
The skeletal warrior is severely damaged.
You block the skeletal warrior's attack.
You hit the skeletal warrior but do no damage.
The skeletal warrior is severely damaged.
The skeletal warrior hits you with a short sword of freezing!!
* * * LOW HITPOINT WARNING * * *
The skeletal warrior freezes you.
* * * LOW HITPOINT WARNING * * *
You slash the skeletal warrior!
You headbutt the skeletal warrior, but do no damage.
The skeletal warrior is almost destroyed.
The skeletal warrior hits you with a short sword of freezing!
You die...

#######.#
#.###.##.###### #.#
#.# #.##.# #.## #.#
#.##.###########
#####..## #.#
#...<(.........#
###.......# #.#
#.##.#.#######.#
..........###.#
#.##......####.##
.#.#.#.#.#.##.#
#.####...........
..............###.##
####.####.##
#.#.#.#.#.#.####@..#
#.# #.#
...............z...#
#.# #.#
.#.#.#.#.#.#.###...#
#.# #.#
.............#######
#.# #.##
#.#.#.#.#.#.#.#####
#.# #...
..................#
#.# #.##
.#.#.#.#.#.#.#.##.#
#.# #.#
...............##)#
#####.####.#
#.#.#.#.#.#.#.#.#)#
#........>.#


You could see a skeletal warrior.

Vanquished Creatures
  A fire dragon (D:9)
  A yaktaur captain (D:9)
  A centaur warrior (D:10)
  An unseen horror (D:11)
  A skeletal warrior (D:11)
  2 hill giants
  A wolf spider (D:9)
  A manticore (D:11)
  A cyclops (D:9)
  A centaur skeleton (D:11)
  A kobold demonologist (D:10)
  3 trolls
  2 two-headed ogres
  A hippogriff (D:10)
  Sigmund (D:5)
  2 wyverns
  A basilisk (D:8)
  7 yaks
  A water moccasin (D:9)
  4 porcupines
  3 sky beasts
  9 orc warriors
  4 phantoms
  4 ice beasts
  A black bear (D:10)
  3 necrophages (D:11)
  6 ogres
  4 centaurs
  3 crocodiles (D:7)
  4 bullfrogs
  Blork the orc (D:6)
  2 wyvern zombies
  4 scorpions
  4 killer bees
  18 wights
  3 howler monkeys
  3 crimson imps
  2 bullfrog zombies
  4 centaur zombies
  9 hounds
  8 orc priests
  A gnoll shaman (D:10)
  6 orc wizards
  A bullfrog skeleton (D:7)
  5 jellies
  4 iguanas
  14 worker ants
  A hound zombie (D:9)
  A mummy (D:11)
  4 hound skeletons
  4 worker ant zombies
  10 adders
  7 gnolls
  A howler monkey skeleton (D:11)
  3 river rats (D:8)
  5 shadow imps
  6 oozes
  An adder zombie (D:6)
  3 worms
  2 dart slugs
  2 leopard geckos (D:4)
  52 orcs
  A ball python (D:4)
  5 giant cockroaches
  7 hobgoblins
  5 jackals
  5 kobolds
  7 quokkas
  5 bats
  5 frilled lizards
  8 goblins
  A leopard gecko skeleton (D:7)
  A leopard gecko zombie (D:7)
  A quokka skeleton (D:6)
  10 rats
327 creatures vanquished.

Vanquished Creatures (others)
  A plant (D:8)
1 creature vanquished.

Grand Total: 328 creatures vanquished

Notes
Turn   | Place    | Note
-------+----------+-------------------------------------------
     0 | D:1      | Peloso the Minotaur Fighter began the quest for the Orb.
     0 | D:1      | Reached XP level 1. HP: 19/19 MP: 0/0
   168 | D:1      | Reached XP level 2. HP: 26/27 MP: 1/1
   686 | D:2      | Reached XP level 3. HP: 31/33 MP: 2/2
   783 | D:2      | Found a hide-covered altar of Uskayaw.
   786 | D:2      | Noticed a dagger
   786 | D:2      | Noticed a hand axe
   850 | D:2      | Reached skill level 3 in Long Blades
  1004 | D:2      | Reached XP level 4. HP: 32/40 MP: 3/3
  1415 | D:3      | Reached skill level 4 in Long Blades
  2273 | D:4      | Reached XP level 5. HP: 30/46 MP: 4/4
  2442 | D:4      | Found a glowing golden altar of the Shining One.
  2444 | D:4      | Found a deep blue altar of Sif Muna.
  2445 | D:4      | Found a shimmering altar of Xom.
  2446 | D:4      | Found a glowing silver altar of Zin.
  2446 | D:4      | Found a bloodstained altar of Trog.
  2446 | D:4      | Found a burning altar of Makhleb.
  2447 | D:4      | Found a basalt altar of Yredelemnul.
  2455 | D:4      | Reached skill level 5 in Long Blades
  2455 | D:4      | Reached skill level 1 in Dodging
  2741 | D:4      | Reached XP level 6. HP: 45/53 MP: 5/5
  2989 | D:4      | Found a staircase to the Ecumenical Temple.
  2996 | Temple   | Entered the Ecumenical Temple
  3100 | D:4      | Found a hazy altar of Hepliaklqana.
  3612 | D:5      | Entered Level 5 of the Dungeon
  3612 | D:5      | Noticed a sky beast
  3617 | D:5      | Reached skill level 5 in Armour
  3617 | D:5      | Reached skill level 5 in Shields
  3627 | D:5      | Killed a sky beast
  3627 | D:5      | Reached skill level 1 in Stealth
  3667 | D:5      | Noticed an ice beast
  3679 | D:5      | Killed an ice beast
  3679 | D:5      | Reached skill level 6 in Long Blades
  3679 | D:5      | Reached XP level 7. HP: 36/60 MP: 6/6
  3821 | D:5      | Found a sparkling altar of Nemelex Xobeh.
  3899 | D:5      | Reached skill level 5 in Fighting
  4020 | D:4      | Got a jewelled buckler
  4031 | D:4      | Identified the +3 buckler "Huthoff" {Int+6} (You took it off an orc priest on level 4 of the Dungeon)
  4430 | D:5      | You fall through a shaft!
  4569 | D:5      | Noticed Sigmund
  4585 | D:5      | Killed Sigmund
  4585 | D:5      | Reached skill level 7 in Long Blades
  4858 | D:5      | Reached XP level 8. HP: 66/68 MP: 7/7
  5657 | D:6      | Noticed Blork the orc
  5675 | D:6      | Killed Blork the orc
  5835 | D:6      | Reached skill level 8 in Long Blades
  6255 | D:6      | Reached skill level 9 in Long Blades
  6509 | D:7      | Reached XP level 9. HP: 55/75 MP: 8/8
  7030 | D:7      | Found an iron altar of Okawaru.
  7030 | D:7      | Found a faded altar of an unknown god.
  7035 | D:7      | Found a faded altar of an unknown god.
  7040 | D:7      | Found a faded altar of an unknown god.
  7045 | D:7      | Became a worshipper of Warmaster Okawaru
  7050 | D:7      | Found a faded altar of an unknown god.
  7237 | D:7      | Reached skill level 10 in Long Blades
  7338 | D:8      | Reached * piety under Okawaru
  7494 | D:9      | Found a flagged portal.
  7520 | D:9      | Reached skill level 11 in Long Blades
  7595 | Bailey   | Entered a bailey
  8959 | Bailey   | Reached ** piety under Okawaru
  8959 | Bailey   | Reached XP level 10. HP: 35/86 MP: 9/9
  9692 | D:8      | Found a staircase to the Lair.
  9742 | D:8      | Reached *** piety under Okawaru
 10364 | D:8      | You fall through a shaft for 3 floors!
 10458 | D:11     | Killed an unseen horror
 10458 | D:11     | Reached skill level 12 in Long Blades
 10458 | D:11     | Reached skill level 10 in Armour
 10759 | D:11     | Noticed a manticore
 10779 | D:11     | Killed a manticore
 10779 | D:11     | Reached **** piety under Okawaru
 10946 | D:11     | Reached XP level 11. HP: 95/95 MP: 10/10
 11130 | D:10     | Entered Level 10 of the Dungeon
 11216 | D:10     | Received a gift from Okawaru
 11399 | D:10     | Noticed a hill giant
 11404 | D:10     | Killed a hill giant
 11667 | D:9      | Noticed a centaur warrior
 11684 | D:10     | Killed a centaur warrior
 11684 | D:10     | Reached ***** piety under Okawaru
 11684 | D:10     | Reached skill level 10 in Shields
 11747 | D:9      | Received a gift from Okawaru
 11747 | D:9      | Reached skill level 13 in Long Blades
 11761 | D:9      | Identified the Compendium of the Bewitching Traveller
 11822 | D:9      | Noticed a hill giant
 11831 | D:9      | Killed a hill giant
 12552 | D:9      | Noticed a yaktaur captain
 12562 | D:9      | Killed a yaktaur captain
 12637 | D:9      | Found Reys's Book Emporium.
 12775 | D:9      | Noticed a fire dragon
 12791 | D:9      | Killed a fire dragon
 13052 | D:9      | Noticed a wolf spider
 13057 | D:9      | Reached skill level 1 in Invocations
 13065 | D:9      | Killed a wolf spider
 13578 | D:10     | Reached skill level 14 in Long Blades
 13604 | D:10     | Reached skill level 10 in Fighting
 13604 | D:10     | Reached XP level 12. HP: 96/106 MP: 11/11
 13799 | D:11     | Found a staircase to the Orcish Mines.
 14122 | D:10     | Slain by a skeletal warrior

Skill      XL: |  1  2  3  4  5  6  7  8  9 10 11 |
---------------+----------------------------------+-----
Fighting       | 4 5 6 7 8 10 | 10.3
Shields        | 4 5 6 8 9 11 | 11.1
Armour         | 4 5 6 7 8 10 11 | 11.6
Long Blades    | 3 4 5 6 7 9 11 12 14 | 14.1
Dodging        | 1 2 3 4 |  4.1
Stealth        | 1 |  1.5
Invocations    | 1 |  1.0
Evocations     | |  0.1

Action                   |  1- 3 |  4- 6 |  7- 9 | 10-12 || total
-------------------------+-------+-------+-------+-------++-------
Melee: Long sword        |    87 |   127 |   182 |       ||   396
       Headbutt          |     8 |    26 |   100 |   132 ||   266
       Scimitar          |       |       |   191 |   528 ||   719
Invok: Heroism           |       |       |     2 |     2 ||     4
Evoke: Wand              |       |       |     2 |       ||     2
  Use: Potion            |       |       |     4 |       ||     4
       Scroll            |       |       |     7 |    10 ||    17
  Eat: Chunk             |       |     9 |    14 |    17 ||    40
       Pizza             |       |       |     1 |       ||     1
       Fruit             |       |       |       |     2 ||     2
Armor: Scale mail        |    31 |    48 |    34 |       ||   113
       Plate armour      |       |       |   126 |   222 ||   348
Dodge: Dodged            |    28 |    48 |   127 |   114 ||   317
Block: Shield            |    41 |    69 |    38 |   303 ||   451
       Buckler           |       |       |   156 |       ||   156
       Rpst.: Long sword |     7 |    19 |    11 |       ||    37
       Scimitar          |       |       |    12 |    31 ||    43
